 Dungeon Crawl Stone Soup version 0.27.1-35-g4d5d836560 (webtiles) character file.

Game seed: 10820907801473198521

242 cbfl8 the Sneak (level 5, 0/47 HPs)
             Began as a Minotaur Delver on Mar 26, 2022.
             Slain by a hornet zombie (8 damage)
             ... on level 4 of the Dungeon.
             The game lasted 00:09:11 (4308 turns).

cbfl8 the Sneak (Minotaur Delver)                   Turns: 4308, Time: 00:09:12

Health: 0/47       AC:  9    Str: 18    XL:     5   Next: 81%
Magic:  4/4        EV:  7    Int:  7    God:
Gold:   264        SH:  4    Dex: 17    Spells: 4/4 levels left

rFire    + . .     SeeInvis .   a - +0 hand axe
rCold    . . .     Faith    .   s - +0 buckler
rNeg     . . .     Spirit   .   l - +0 chain mail
rPois    .         Reflect  .   (helmet restricted)
rElec    .         Harm     .   (no cloak)
rCorr    .         Rampage  .   (no gloves)
Will     .....                  (no boots)
Stlth    ..........             (no amulet)
HPRegen  0.15/turn              h - ring of protection from fire
MPRegen  0.09/turn              w - +6 ring of dexterity

@: hasted, very quick
A: horns 2, retaliatory headbutt
a: no special abilities


You were on level 4 of the Dungeon.
You visited 1 branch of the dungeon, and saw 6 of its levels.

You collected 264 gold pieces.

Inventory:

Hand Weapons
 a - a +0 hand axe (weapon)
Armour
 b - a +0 leather armour
 l - a +0 chain mail (worn)
 s - a +0 buckler (worn)
Jewellery
 h - a ring of protection from fire (left hand)
 v - a ring of protection from cold
 w - a +6 ring of dexterity (right hand)
Wands
 g - a wand of digging (3)
 u - a wand of polymorph (6)
Scrolls
 c - 4 scrolls of fog
 e - a scroll of fear
 i - 5 scrolls of identify {unknown}
 n - a scroll of immolation {unknown}
 o - 2 scrolls of enchant armour {unknown}
 p - 2 scrolls of noise {unknown}
 q - 2 scrolls of amnesia {unknown}
 r - 2 scrolls of teleportation {unknown}
Potions
 d - a potion of resistance {unknown}
 f - 2 potions of haste
 j - a potion of curing
 k - a potion of mutation {unknown}
 m - a potion of heal wounds {unknown}
 t - a potion of brilliance {unknown}


   Skills:
 + Level 4.5 Fighting
 + Level 4.3 Axes
 + Level 3.0 Armour
 + Level 2.7 Dodging
 + Level 4.9 Stealth
 + Level 1.0 Shields


You had 4 spell levels left.
You didn't know any spells.
Your spell library contained the following spells:

 Spells                   Type           Power      Damage    Failure   Level
 Sandblast                Erth           0%         2d4       100%        1
 Blink                    Tloc           N/A        N/A       100%        2
 Passwall                 Tmut/Erth      0%         N/A       100%        2
 Ignite Poison            Fire/Tmut/Pois 0%         N/A       100%        3
 Lesser Beckoning         Tloc           0%         N/A       100%        3
 Mephitic Cloud           Conj/Pois/Air  0%         N/A       100%        3
 Bolt of Magma            Conj/Fire/Erth 0%         4d4       100%        5
 Lee's Rapid Deconstruct  Erth           0%         3d5*      100%        5
 Manifold Assault         Tloc           0%         N/A       100%        5


Dungeon Overview and Level Annotations

Branches:
Dungeon (6/15)             Temple (0/1) D:5

Altars:
Ashenzari
Kikubaaqudgha
Trog
Beogh

Annotations:
D:3 1 runed translucent door, Crazy Yiuf
D:5 1 runed translucent door


Innate Abilities, Weirdness & Mutations

You have a pair of horns on your head.
You reflexively headbutt those who attack you in melee.


Message History

You feel agile.
w - a +6 ring of dexterity (right hand)
You now have 264 gold pieces (gained 9).
A hornet zombie comes into view.
The hornet zombie moves out of view.
The hornet zombie hits you.
The hornet zombie hits you but does no damage.
You hit the hornet zombie.
The hornet zombie is lightly damaged.
The hornet zombie hits you but does no damage.
You hit the hornet zombie. You headbutt the hornet zombie!
The hornet zombie is moderately damaged.
The hornet zombie hits you!
The hornet zombie hits you but does no damage.
You hit the hornet zombie but do no damage.
The hornet zombie is moderately damaged.
The hornet zombie hits you but does no damage.
You hit the hornet zombie but do no damage.
The hornet zombie is moderately damaged.
The hornet zombie hits you. The hornet zombie hits you!
You hit the hornet zombie.
The hornet zombie is moderately damaged.
You block the hornet zombie's attack.
You barely miss the hornet zombie. Your headbutt misses the hornet zombie.
The hornet zombie is moderately damaged.
The hornet zombie hits you! x2
* * * LOW HITPOINT WARNING * * *
You can't see any enemies this would affect, really read the scroll of fear?
Okay, then.
It was a potion of curing.
You feel better.
The hornet zombie hits you but does no damage.
Okay, then.
You feel yourself speed up.
The hornet zombie completely misses you.
You furiously retaliate!
You headbutt the hornet zombie! The hornet zombie hits you!
* * * LOW HITPOINT WARNING * * *
The hornet zombie barely misses you. The hornet zombie hits you!
You die...

#..# ##...##
.......... ##..#
##....# #.........
...#####....##
.........
..####......##
#........ .##
#........# ##.# .#
.........## ##..#
..#
..####....####..##
.....#
##.....#Z.## #...#
###...@..# ..##
###...## ### #####


You could see a hornet zombie.

Vanquished Creatures
  A howler monkey (D:4)
  A bullfrog zombie (D:6)
  A jelly (D:4)
  A howler monkey zombie (D:5)
  6 adders
  2 worms
  A dart slug (D:3)
  3 orcs
  7 endoplasms
  4 giant cockroaches
  3 hobgoblins
  5 jackals
  2 quokkas (D:2)
  12 ball pythons
  5 bats
  3 frilled lizards
  5 goblins
  3 kobolds
  13 rats
78 creatures vanquished.

Notes
Turn   | Place    | Note
-------+----------+-------------------------------------------
     0 | D:5      | cbfl8 the Minotaur Delver began the quest for the Orb.
     0 | D:5      | Reached XP level 1. HP: 19/19 MP: 0/0
     3 | D:5      | Found a runed translucent gate.
   120 | D:5      | Reached XP level 2. HP: 24/27 MP: 1/1
   164 | D:5      | Found a staircase to the Ecumenical Temple.
   166 | D:5      | Noticed a howler monkey
   484 | D:6      | Reached XP level 3. HP: 20/33 MP: 2/2
   764 | D:6      | Noticed a sky beast
   903 | D:4      | Reached skill level 1 in Armour
  1075 | D:3      | Noticed a moth of wrath
  1079 | D:3      | Found a bloodstained altar of Trog.
  1151 | D:3      | Reached XP level 4. HP: 32/40 MP: 3/3
  2260 | D:1      | Found a faded altar of an unknown god.
  2768 | D:2      | Reached XP level 5. HP: 46/46 MP: 4/4
  3331 | D:3      | Found a runed translucent door.
  3332 | D:3      | Noticed Crazy Yiuf
  3661 | D:3      | Found an ancient bone altar of Kikubaaqudgha.
  3928 | D:4      | Found a broken altar of Ashenzari.
  4145 | D:4      | Reached skill level 1 in Shields
  4308 | D:4      | Slain by a hornet zombie

Illustrated notes

Levels and vault maps discovered:
D:1:      heliophobic_arrival_dark_side_of_the_moon, layout_basic,
          hellmonk_ecumenical_altar_defaced_shrine, st_stairs_1
D:2:      layout_basic
D:3:      layout_loops_ring, lemuel_coloured_pillars_altar, tgw_trog,
          uniq_crazy_yiuf_cottage
D:4:      layout_layer_cave, mainiacjoe_overflow_two_lobes,
          cheibrodos_ashenzari_chains, kennysheep_generic_room_14,
          uniq_eustachio
D:5:      layout_rooms, minmay_temple_entry_proselytizer,
          gammafunk_ghost_necromancy, uniq_pikel
D:6:      layout_gridville, uniq_prince_ribbit1

Skill      XL: |  1  2  3  4  5 |
---------------+----------------+-----
Armour         | 1 2 3 |  3.0
Fighting       | 4 |  4.5
Axes           | 3 4 |  4.3
Shields        | 1 |  1.0
Dodging        | |  2.7
Stealth        | |  4.9

Action                   |  1- 3 |  4- 6 || total
-------------------------+-------+-------++-------
Melee: Hand axe          |    39 |   161 ||   200
       Headbutt          |    11 |    18 ||    29
  Use: Potion            |     1 |     2 ||     3
       Scroll            |     1 |       ||     1
Armor: Leather armour    |     2 |       ||     2
       Chain mail        |    10 |   104 ||   114
Dodge: Dodged            |    22 |    69 ||    91
Block: Buckler           |       |    11 ||    11
